Map: King's Cove LE

Players

protthor - Winner!

  • Race: Protoss Protoss
  • League: Platinum
  • Spawn Location: 5:00

woof

  • Race: Zerg Zerg
  • League: Platinum
  • Spawn Location: 11:00

VOD

Have the link to the VOD?

Description

Time

  • Played on: Jan. 26, 2019, 8:55 p.m.
  • Length: 20:05
Show
View Real Time Build Order
Export as new Build Order

protthor Protoss - Winner!

Build Orders: Nexus First 

Get SALT Encoding   

  1  0:00  Probe  
  12  0:05  Probe  
  14  0:16  Probe  
  15  0:49  Nexus  
  15  1:03  Pylon  
  15  1:21  Probe  
  15  1:25  Forge  
  16  1:28  Gateway  
  16  1:30  Probe  
  16  1:38  Probe, Assimilator  
  18  1:48  Probe  
  19  2:06  Probe x2  
  21  2:17  Zealot  
  23  2:23  Photon Cannon  
  23  2:27  Cybernetics Core  
  23  2:29  Probe x2  
  25  2:39  Zealot  
  25  2:40  Assimilator  
  25  2:42  Pylon  
  25  2:43  Probe x2  
  29  2:55  Probe x2  
  31  3:04  Pylon  
  31  3:12  Probe x2  
  33  3:15  Zealot, Warp Gate  
  35  3:20  Stargate  
  35  3:28  Probe x2  
  35  3:32  Photon Cannon  
  37  3:40  Probe x2, Assimilator  
  39  4:00  Sentry  
  39  4:02  Photon Cannon  
  41  4:08  Oracle  
  44  4:25  Probe x2  
  46  4:39  Sentry  
  46  4:41  Probe x2  
  50  4:48  Robotics Facility  
  50  5:01  Probe x2  
  50  5:04  Gateway  
  50  5:05  Gateway  
  52  5:09  Void Ray  
  47  5:26  Adept, Immortal  
  49  5:34  Pylon  
  49  5:37  Pylon  
  53  5:51  Pylon  
  53  5:53  Void Ray  
  57  5:58  Protoss Ground Weapons Level 1  
  57  6:07  Protoss Air Weapons Level 1  
  57  6:08  Probe x2  
  59  6:11  Immortal  
  63  6:41  Robotics Facility  
  63  6:46  Pylon  
  63  6:51  Pylon  
  63  6:53  Immortal  
  67  6:55  Zealot  
  67  7:00  Pylon  
  69  7:02  Pylon  
  69  7:06  Pylon x2  
  69  7:10  Pylon  
  69  7:12  Zealot  
  69  7:13  Assimilator, Zealot  
  73  7:16  Oracle  
  73  7:22  Robotics Bay  
  84  7:37  Immortal x2  
  84  7:47  Photon Cannon  
  84  7:49  Shield Battery  
  84  7:51  Nexus  
  84  7:54  Pylon  
  84  8:02  Probe x2  
  86  8:14  Probe x2  
  86  8:18  Protoss Ground Armor Level 1  
  87  8:21  Colossus x2  
  96  8:37  Forge  
  96  8:40  Twilight Council  
  96  8:48  Probe  
  96  8:49  Probe  
  98  8:59  Gateway  
  98  9:01  Probe  
  98  9:02  Protoss Shields Level 1  
  99  9:06  Photon Cannon  
  99  9:07  Probe x2  
  99  9:08  Assimilator  
  101  9:10  Extended Thermal Lance  
  101  9:13  Probe  
  102  9:18  Oracle  
  105  9:29  Probe x2, Pylon  
  107  9:34  Observer x2  
  109  9:42  Assimilator  
  109  9:44  Probe x3  
  112  9:52  Gateway  
  112  9:59  Void Ray, Gateway  
  112  10:00  Protoss Ground Weapons Level 2  
  112  10:05  Disruptor x2  
  122  10:14  Shield Battery  
  122  10:15  Charge  
  122  10:16  Pylon  
  122  10:17  Probe x3  
  115  11:05  Immortal  
  115  11:06  Nexus  
  115  11:08  Pylon  
  115  11:09  Immortal  
  115  11:11  Zealot x6  
  127  11:16  Protoss Ground Armor Level 2  
  135  11:25  Templar Archives  
  135  11:29  Shield Battery  
  135  11:31  Shield Battery  
  135  11:33  Probe  
  135  11:34  Probe x2  
  138  11:46  Observer  
  139  11:51  Disruptor  
  142  11:59  Pylon  
  142  12:02  Pylon  
  142  12:05  High Templar x5  
  142  12:07  High Templar  
  154  12:12  Assimilator, Archon x2  
  154  12:13  Archon  
  154  12:18  Assimilator  
  154  12:25  Stargate  
  154  12:27  Gateway  
  154  12:29  Gateway x2  
  144  13:05  Immortal x2  
  142  13:13  High Templar x4  
  142  13:18  Probe  
  142  13:19  Probe x3  
  154  13:20  Archon x2  
  154  13:22  Void Ray  
  158  13:31  Probe  
  158  13:33  Zealot  
  158  13:34  Zealot x4  
  163  13:40  Protoss Shields Level 2  
  169  13:51  Zealot x3  
  169  13:52  Zealot  
  167  14:18  Immortal x2  
  175  14:32  Zealot x5  
  175  14:33  Zealot x4  
  175  14:37  Photon Cannon  
  193  14:40  Photon Cannon  
  180  14:49  Photon Cannon  
  168  14:57  Probe x3  
  168  14:58  Probe  
  166  15:09  Probe x3  
  166  15:10  Probe  
  170  15:14  Observer  
  170  15:16  Photon Cannon  
  170  15:17  Photon Cannon  
  130  15:45  Probe x4  
  130  15:56  Pylon  
  130  15:57  Probe x4  
  130  16:03  Photon Cannon  
  134  16:06  Photon Cannon  
  134  16:09  Probe x4  
  134  16:11  Cybernetics Core  
  138  16:19  Assimilator  
  138  16:20  Photon Cannon  
  138  16:21  Probe x3, Dark Shrine  
  138  16:22  Probe, Protoss Ground Weapons Level 3  
  138  16:25  Photon Cannon  
  142  16:26  Forge  
  142  16:28  Photon Cannon  
  142  16:31  Photon Cannon  
  142  16:33  Probe x3  
  142  16:34  Probe  
  146  16:46  High Templar x6  
  158  16:47  High Templar x2  
  158  16:49  Immortal  
  158  16:50  Archon x2  
  158  16:51  Archon x2  
  158  16:53  Assimilator  
  166  16:56  Assimilator  
  166  17:13  Shield Battery  
  166  17:16  Shield Battery  
  166  17:18  Pylon  
  166  17:21  Zealot  
  166  17:22  Zealot x2  
  171  17:39  Nexus  
  171  17:50  Photon Cannon  
  171  18:03  Pylon  
  171  18:06  Pylon  
  171  18:08  Pylon  
  171  18:10  Pylon  
  171  18:12  Pylon  
  171  18:14  Pylon  
  171  18:19  Pylon  
  169  18:42  Dark Templar x4  
  169  18:43  Dark Templar x3  
  169  18:44  Dark Templar  
Show
View Real Time Build Order
Export as new Build Order

woof Zerg 

Build Orders: Hatch First, Lurkers 

Get SALT Encoding   

  12  0:02  Drone  
  13  0:12  Overlord  
  13  0:18  Drone  
  14  0:31  Drone x2  
  16  0:37  Drone  
  17  0:55  Hatchery  
  16  1:01  Drone x2  
  18  1:15  Extractor  
  18  1:17  Spawning Pool  
  16  1:18  Drone  
  16  1:22  Drone  
  18  1:28  Drone  
  19  1:43  Overlord  
  19  1:52  Drone  
  20  2:00  Drone  
  21  2:07  Queen x2  
  25  2:11  Zergling x2  
  25  2:12  Zergling x2  
  27  2:36  Hatchery  
  26  2:42  Queen  
  26  2:43  Queen  
  30  2:50  Drone x2  
  30  2:51  Drone  
  33  3:00  Drone x3  
  36  3:06  Overlord  
  36  3:25  Drone x5  
  41  3:33  Drone  
  42  3:40  Drone  
  43  3:47  Queen x2, Drone  
  50  4:03  Roach Warren  
  49  4:12  Zergling x2  
  48  4:20  Overlord  
  48  4:21  Overlord x2  
  48  4:26  Lair  
  48  4:38  Metabolic Boost  
  48  4:39  Queen, Overlord  
  50  4:50  Roach x3  
  50  4:51  Roach  
  50  4:52  Roach  
  58  5:20  Hatchery  
  58  5:21  Drone x6  
  62  5:24  Ravager  
  63  5:40  Roach x2  
  63  5:42  Zergling x2  
  68  5:48  Hatchery  
  66  6:06  Drone  
  67  6:16  Hatchery  
  67  6:17  Hydralisk Den  
  67  6:18  Extractor  
  64  6:19  Extractor  
  64  6:20  Extractor, Spore Crawler  
  61  6:27  Overlord  
  61  6:28  Overlord  
  61  6:29  Overlord  
  61  6:30  Overlord  
  61  6:31  Queen x2  
  63  6:45  Queen, Overlord  
  65  6:50  Hydralisk  
  67  6:54  Drone x2  
  67  6:55  Drone x3  
  72  7:01  Drone x7  
  72  7:05  Hydralisk  
  72  7:06  Queen x2  
  85  7:20  Grooved Spines  
  85  7:29  Drone x6  
  91  7:38  Drone x3  
  91  7:39  Drone x7  
  101  7:45  Hydralisk x2  
  105  7:55  Drone x4  
  109  7:59  Overlord x2  
  109  8:16  Overlord x3  
  109  8:17  Overlord  
  109  8:19  Hydralisk x3  
  112  8:20  Zergling x4  
  117  8:30  Hydralisk  
  117  8:31  Overlord, Hydralisk x3  
  125  8:36  Infestation Pit  
  125  8:38  Drone  
  125  8:39  Drone  
  125  8:40  Evolution Chamber, Drone  
  126  8:42  Evolution Chamber, Drone  
  126  8:44  Drone x2  
  128  8:51  Drone x5  
  133  9:04  Spore Crawler  
  132  9:13  Drone x11  
  132  9:16  Extractor  
  142  9:18  Extractor  
  142  9:19  Hive  
  142  9:21  Zerg Melee Weapons Level 1  
  142  9:22  Zerg Ground Armor Level 1  
  141  9:31  Hydralisk x4  
  141  9:37  Extractor  
  141  9:38  Extractor  
  147  9:44  Hatchery  
  146  9:48  Drone x5  
  146  9:49  Drone  
  152  9:58  Muscular Augments  
  152  9:59  Hydralisk, Glial Reconstitution  
  152  10:00  Roach x2, Hydralisk x2, Zergling x4  
  164  10:23  Drone  
  164  10:24  Overlord x4  
  165  10:36  Overlord x6  
  165  10:37  Overlord x3  
  165  10:41  Overlord x5  
  165  10:42  Overlord x4  
  163  10:49  Spire  
  132  10:51  Ultralisk Cavern  
  116  11:08  Queen  
  116  11:10  Drone, Lurker Den  
  116  11:11  Drone x4  
  122  11:12  Hydralisk x3  
  122  11:13  Hydralisk x3, Zergling x8  
  122  11:14  Zergling x2  
  139  11:20  Zerg Missile Weapons Level 1  
  139  11:21  Zerg Ground Armor Level 2  
  139  11:38  Hydralisk  
  139  11:39  Roach, Hydralisk  
  157  11:40  Ultralisk x2  
  157  11:41  Zergling x4  
  157  11:42  Zergling x4  
  161  11:49  Chitinous Plating  
  161  11:52  Hydralisk  
  161  11:53  Hydralisk x2, Zergling x2  
  161  11:54  Hydralisk, Zergling x4  
  170  11:55  Zergling x2  
  173  12:03  Hydralisk  
  173  12:04  Corruptor  
  173  12:05  Corruptor x2  
  181  12:10  Roach x2, Hydralisk  
  181  12:14  Hydralisk  
  181  12:15  Roach x2, Hydralisk  
  195  12:19  Extractor  
  195  12:20  Drone x4  
  195  12:21  Extractor, Drone x2  
  194  12:39  Hydralisk  
  194  12:40  Hydralisk  
  194  12:41  Zergling x4  
  199  12:46  Zergling x2  
  197  12:59  Hydralisk  
  197  13:00  Hydralisk x2, Zergling x2  
  197  13:02  Roach, Hydralisk x5, Zergling x2  
  197  13:03  Zergling x6  
  197  13:04  Hydralisk  
  197  13:05  Hydralisk, Zergling x2  
  168  13:06  Ultralisk, Hydralisk, Zergling x4  
  168  13:07  Zergling x10  
  168  13:08  Zergling x2  
  162  13:14  Lurker  
  162  13:15  Lurker  
  164  13:33  Adaptive Talons  
  164  13:40  Greater Spire  
  164  13:53  Hatchery  
  163  14:05  Ultralisk  
  163  14:06  Ultralisk x3  
  163  14:07  Lurker  
  163  14:09  Zergling x10  
  198  14:10  Zergling x6  
  198  14:11  Zergling x4  
  188  14:29  Zergling x2  
  188  14:30  Zergling x6  
  191  14:33  Adrenal Glands  
  179  14:40  Extractor  
  179  14:44  Extractor, Lurker x2  
  179  14:45  Lurker x2, Hydralisk  
  177  14:46  Roach, Hydralisk x5, Zergling x8  
  177  14:47  Zergling x4  
  177  14:51  Hydralisk  
  155  15:11  Roach, Hydralisk x4, Zergling x2  
  155  15:12  Zergling x4  
  163  15:20  Roach, Hydralisk x2, Zergling x2  
  151  15:28  Hydralisk  
  151  15:29  Hydralisk x4, Zergling x2  
  151  15:31  Zerg Missile Weapons Level 2  
  149  15:39  Hatchery  
  128  15:45  Ravager  
  129  15:50  Zerg Melee Weapons Level 2  
  129  16:03  Hydralisk  
  129  16:04  Zergling x12  
  132  16:05  Zergling x18  
  132  16:09  Lurker  
  132  16:10  Lurker x2  
  149  16:11  Lurker  
  150  16:22  Zerg Flyer Armor Level 1  
  132  17:14  Ultralisk x4  
  132  17:15  Ultralisk, Zergling x2  
  152  17:16  Zergling x40  
  169  17:26  Hydralisk  
  169  17:27  Hydralisk x4, Zergling x4  
  169  17:28  Zergling x2  
  157  17:44  Lurker  
  157  17:46  Zergling x2  
  157  17:47  Zergling x14  
  166  17:52  Corruptor  
  166  17:53  Corruptor x2  
  172  18:18  Hydralisk x4, Zergling x2  
  172  18:19  Zergling x4  
  183  18:31  Roach, Hydralisk x4, Zergling x2  
  183  18:32  Zergling x4  
  159  18:37  Roach, Hydralisk x3, Zergling x2  
  159  18:38  Zergling x2  
  159  18:44  Hydralisk  
  159  18:45  Roach, Hydralisk x3, Zergling x6  
  159  18:46  Zergling x2  
  156  18:53  Brood Lord  
  156  18:55  Brood Lord  
  157  18:56  Zergling x12  
  142  19:10  Hydralisk  
  142  19:11  Hydralisk, Zergling x2  
  142  19:13  Lurker  
  142  19:14  Lurker  
  98  19:40  Hatchery  
Tags
 
Add a new tag
Caveats
  • Supply blocks, unpowered buildings, or Contaminate may cause inaccurate times.
  • Supply counts are checked every 10 seconds.